 Dungeon Crawl Stone Soup version 0.30-b1-2-g02819fbbbe (webtiles) character file.

Game seed: 11956534377511439311

457 sanka the Martial Artist (level 7, -4/62 HPs)
             Began as a Meteoran Monk on May 13, 2023.
             Slain by a gnoll
             ... wielding a +0 halberd
             ... led by a gnoll bouda
              (7 damage)
             ... on level 4 of the Dungeon.
             The game lasted 00:10:05 (2132 turns).

sanka the Martial Artist (Meteoran Monk)            Turns: 2132, Time: 00:10:05

Health: -4/62      AC:  3    Str: 15    XL:     7   Next: 52%
Magic:  8/8        EV: 13    Int: 11    God:
Gold:   144        SH:  0    Dex: 17    Spells: 6/6 levels left

rFire   . .          .
                       - Unarmed
rCold   . . .        c - orb {light}
rNeg    . . .        a - +0 robe
rPois   .            (helmet restricted)
rElec   .            k - +0 cloak
rCorr   .            f - +0 pair of gloves
SInv    .            (no boots)
Will    .....        i - amulet of faith
Stlth   +            (no ring)
HPRegen 0.30/turn    (no ring)
MPRegen 0.11/turn

%: faith
@: glowing
A: sense surroundings 1, otherworldly, glowing, explore regen, horns 1, deformed
body, robust 1
a: no special abilities


You were on level 4 of the Dungeon.
You visited 1 branch of the dungeon, and saw 4 of its levels.

You collected 144 gold pieces.

Inventory:

Hand Weapons
 u - a +3 quarterstaff of chaos
Missiles
 t - 10 poisoned darts (quivered)
Armour
 a - a +0 robe (worn)
 c - an orb of light (worn)
 f - a +0 pair of gloves (worn)
 k - a +0 cloak (worn)
Jewellery
 i - an amulet of faith (around neck)
 l - the ring of Moic Lef {rPois rF+ rC- rCorr Slay-5}
   (You found it on level 2 of the Dungeon)

   [ring of protection from fire]

   Slay:      It affects your accuracy & damage with ranged weapons and melee
   (-5).
   rF:        It protects you from fire.
   rC:        It makes you vulnerable to cold.
   rPois:     It protects you from poison.
   rCorr:     It protects you from acid and corrosion.
 p - an amulet of magic regeneration
Wands
 q - a wand of flame (10)
 r - a wand of roots (8)
Scrolls
 e - 6 scrolls of identify {unknown}
 g - a scroll of noise {unknown}
 h - 2 scrolls of poison {unknown}
 j - 3 scrolls of teleportation {unknown}
 o - a scroll of enchant armour {unknown}
 s - a scroll of vulnerability {unknown}
Potions
 b - a potion of ambrosia
 n - a potion of lignification {unknown}
 v - a potion of mutation {!q}


   Skills:
 - Level 3.2 Fighting
 - Level 3.6 Dodging
 + Level 9.3 Unarmed Combat


You had 6 spell levels left.
You didn't know any spells.
Your spell library contained the following spells:

 Spells                   Type           Power      Damage    Failure   Level
 Magic Dart               Conj           0%         1d3       34%         1
 Call Imp                 Summ           0%         N/A       47%         2
 Inner Flame              Hex/Fire       0%         N/A       71%         3
 Mephitic Cloud           Conj/Pois/Air  0%         N/A       71%         3
 Summon Forest            Summ/Tloc      0%         N/A       100%        5
 Summon Mana Viper        Hex/Summ       0%         N/A       100%        5
 Yara's Violent Unravell  Hex/Tmut       0%         3d3       100%        5
 Summon Cactus Giant      Summ           0%         N/A       100%        6
 Enfeeble                 Hex            0%         N/A       100%        7


Dungeon Overview and Level Annotations

Branches:
Dungeon (4/15) Zot: 294
 Temple: D:4-7

Altars:
Ashenzari
Elyvilon
The Shining One

Shops:
D:3 :


Innate Abilities, Weirdness & Mutations

You passively map a small area around you.
You are easily found by Zot.
You glow in the dark.
You regain HP and MP as you explore.
You have a pair of small horns on your head.
Armour fits poorly on your strangely shaped body.
You are robust. (+10% HP)


Message History

The gnoll bouda is moderately wounded.
The gnoll bouda barely misses you.
The gnoll hits you from afar with a +0 halberd!
You hit the gnoll bouda but do no damage.
The gnoll bouda is moderately wounded.
You hit the gnoll bouda.
The gnoll bouda is moderately wounded.
The gnoll bouda barks out a call to the hunt!
The gnolls pick up the pace!
The gnoll hits you from afar with a +0 halberd!
Your attacks no longer feel as feeble.
The gnoll attacks as you move away! The gnoll barely misses you.
The gnoll bouda attacks as you move away!
The gnoll bouda hits you with a +0 whip!
Things that are here:
a +0 whip; a gnoll corpse You hit the gnoll bouda.
Your headbutt misses the gnoll bouda.
The gnoll bouda is heavily wounded.
The gnoll bouda barely misses you.
The gnoll hits you from afar with a +0 halberd!
* * * LOW HITPOINT WARNING * * *
You hit the gnoll bouda.
The gnoll bouda is severely wounded.
The gnoll bouda hits you with a +0 whip!
* * * LOW HITPOINT WARNING * * *
You hit the gnoll bouda.
You kill the gnoll bouda!
The gnoll attacks as you move away! The gnoll barely misses you.
The gnoll closely misses you.
The gnoll is no longer moving quickly.
You hit the gnoll. You headbutt the gnoll.
You kill the gnoll!
The gnoll barely misses you.
The gnoll hits you from afar with a +0 halberd!
* * * LOW HITPOINT WARNING * * *
The gnoll is no longer moving quickly.
The gnoll is no longer moving quickly.
There is an escape hatch in the ceiling here.
The gnoll hits you from afar with a +0 halberd!
You die...

..............#.. ..#..# ##...###
####..........#####.#..###.......
..................#.#..##...#####
######............#.#..##........
.......#.##.#..........##........
####.#.####....#...g...##........
##..##... ........g..............
...#######*###.........##.......#
.##############.@).....##........
.......................##.......#
###############........###.....##
########## ##...## #####


You could see 2 gnolls.

Vanquished Creatures
  2 scorpions (D:4)
  A crimson imp (D:3)
  Crazy Yiuf (D:3)
  A hound (D:4)
  A gnoll bouda (D:4)
  An orc wizard (D:3)
  Terence (D:3)
  6 gnolls (D:4)
  3 adders
  An ufetubus (D:4)
  A worm (D:3)
  4 orcs (D:3)
  3 ball pythons
  8 endoplasms
  5 giant cockroaches
  4 goblins
  7 hobgoblins
  4 quokkas
  4 bats
  4 frilled lizards
  2 goblin zombies (D:3)
  3 hobgoblin zombies (D:3)
  7 kobolds
  4 kobold skeletons (D:3)
  A kobold zombie (D:3)
  2 orc skeletons (D:3)
  An orc zombie (D:3)
  7 rats
89 creatures vanquished.

Vanquished Creatures (others)
  A fungus (D:3)
1 creature vanquished.

Grand Total: 90 creatures vanquished

Notes
Turn   | Place    | Note
-------+----------+-------------------------------------------
     0 | D:1      | sanka the Meteoran Monk began the quest for the Orb.
     0 | D:1      | Reached XP level 1. HP: 19/19 MP: 2/2
    56 | D:1      | Reached skill level 4 in Unarmed Combat
    83 | D:1      | Reached XP level 2. HP: 26/26 MP: 3/3
   316 | D:1      | Reached XP level 3. HP: 31/31 MP: 4/4
   474 | D:1      | Reached skill level 5 in Unarmed Combat
   506 | D:1      | Glimpsed the power of Zot.
   611 | D:2      | Reached XP level 4. HP: 38/38 MP: 5/5
   627 | D:2      | Identified the ring of Moic Lef {rPois rF+ rC- rCorr
                  | Slay-5}
   953 | D:2      | Reached skill level 6 in Unarmed Combat
  1061 | D:3      | Found Miuwkor's Book Shoppe.
  1090 | D:3      | Found a glowing golden altar of the Shining One.
  1109 | D:3      | Reached XP level 5. HP: 45/45 MP: 6/6
  1209 | D:3      | Found a broken altar of Ashenzari.
  1313 | D:3      | Found a white marble altar of Elyvilon.
  1373 | D:3      | Reached skill level 7 in Unarmed Combat
  1375 | D:3      | Reached XP level 6. HP: 42/51 MP: 7/7
  1418 | D:3      | Noticed Terence
  1426 | D:3      | Killed Terence
  1488 | D:3      | Found a runed translucent door.
  1489 | D:3      | Noticed Crazy Yiuf
  1498 | D:3      | Killed Crazy Yiuf
  1759 | D:4      | Gained mutation: Armour fits poorly on your strangely
                  | shaped body. [potion of mutation]
  1759 | D:4      | Gained mutation: You are robust. (+10% HP) [potion of
                  | mutation]
  1759 | D:4      | Gained mutation: You have a pair of small horns on your
                  | head. [potion of mutation]
  1764 | D:4      | Reached skill level 8 in Unarmed Combat
  1769 | D:4      | Reached XP level 7. HP: 5/62 MP: 8/8
  2077 | D:4      | Reached skill level 9 in Unarmed Combat
  2125 | D:4      | HP: 1/62 [gnoll/+0 halberd[a gnoll bouda] (17)]
  2132 | D:4      | Slain by a gnoll

Illustrated notes

Levels and vault maps discovered:
D:1:      amcnicky_arrival_wind_blow, layout_basic, minmay_misc_feat_chi,
          minmay_surrounded
D:2:      layout_basic, minmay_tetromino_o4
D:3:      layout_loops_ring, nicolae_tso_besieged_by_evil,
          mainiacjoe_overflow_catch_the_wave, serial_shops,
          nicolae_shop_real_fake_doors, uniq_crazy_yiuf_cottage, uniq_terence
D:4:      layout_rooms, minmay_temple_entry_ruins, serial_co_window_serial,
          co_window_paths_a, co_window_paths_b, co_window_corner_a,
          co_window_corner_a, co_window_corner_a, co_window_corner_cb,
          co_window_of_opportunity_c, co_window_corner_ca, co_window_paths_c,
          glass_columns_b, glass_columns_b, glass_columns_a,
          kennysheep_generic_room_10

Skill      XL: |  1  2  3  4  5  6  7 |
---------------+----------------------+-----
Unarmed Combat | 4 5 6 7 8 9 |  9.3
Fighting       | |  3.2
Dodging        | |  3.6

Action                     |  1- 3 |  4- 6 |  7- 9 || total
---------------------------+-------+-------+-------++-------
  Melee: Unarmed           |    92 |   122 |    29 ||   243
         Headbutt          |       |       |     6 ||     6
  Evoke: Wand              |       |     3 |       ||     3
    Use: Potion            |       |     3 |       ||     3
 Armour: Robe              |    28 |    20 |     3 ||    51
  Dodge: Dodged            |    45 |    57 |    19 ||   121
